Map: Pillars of Gold LE

Players

HellraiseR

  • Race: Protoss Protoss
  • League: Grandmaster
  • Spawn Location: 7:00

Serral - Winner!

  • Race: Zerg Zerg
  • League: Grandmaster
  • Spawn Location: 1:00

Event: DreamHack SC2 Masters 2020 Fall

VOD

Have the link to the VOD?

Description

Time

  • Played on: Aug. 28, 2020, 12:35 p.m.
  • Length: 7:49

All games in this series

Show
View Real Time Build Order
Export as new Build Order

HellraiseR Protoss 

Build Orders:  

Get SALT Encoding   

  12  0:00  Probe (Chrono Boost)  
  13  0:09  Probe (Chrono Boost)  
  14  0:14  Probe (Chrono Boost)  
  15  0:22  Pylon  
  15  0:40  Probe  
  16  0:43  Forge  
  16  0:57  Pylon  
  16  1:04  Probe  
  17  1:14  Pylon  
  17  1:15  Pylon  
  17  1:16  Photon Cannon  
  17  1:21  Gateway  
  17  1:27  Probe  
  18  1:33  Assimilator  
  18  1:37  Assimilator  
  18  1:47  Photon Cannon  
  18  1:50  Probe  
  19  2:02  Probe  
  20  2:10  Cybernetics Core  
  20  2:12  Zealot (Chrono Boost)  
  22  2:17  Probe  
  23  2:32  Pylon  
  23  2:45  Stalker (Chrono Boost)  
  25  2:56  Robotics Facility  
  25  3:02  Photon Cannon  
  23  3:06  Shield Battery  
  23  3:14  Stalker  
  25  3:30  Photon Cannon  
  25  3:33  Shield Battery  
  25  3:49  Immortal (Chrono Boost)  
  29  3:56  Shield Battery  
  29  4:02  Shield Battery  
  29  4:09  Photon Cannon  
  29  4:14  Pylon  
  29  4:27  Warp Prism (Chrono Boost)  
  31  4:44  Photon Cannon  
  35  5:00  Immortal  
  35  5:12  Shield Battery  
  35  5:14  Probe  
  36  5:27  Shield Battery, Pylon  
  37  5:42  Immortal  
  36  5:46  Probe  
  37  5:57  Pylon  
  37  6:02  Assimilator  
  37  6:05  Probe  
  37  6:10  Robotics Bay  
  38  6:24  Probe  
  39  6:36  Probe  
  39  6:42  Gateway  
  39  6:44  Gateway  
  40  6:56  Disruptor (Chrono Boost)  
  42  7:02  Pylon  
  42  7:23  Shield Battery  
  43  7:36  Cybernetics Core  
Show
View Real Time Build Order
Export as new Build Order

Serral Zerg - Winner!

Build Orders: Hatch First, Ravager All-In, Roach Nydus 

Get SALT Encoding   

  12  0:00  Drone  
  13  0:12  Overlord  
  13  0:17  Drone  
  14  0:31  Drone x2  
  16  0:50  Hatchery  
  16  0:52  Drone  
  16  0:57  Drone  
  16  1:00  Drone  
  18  1:11  Extractor  
  17  1:19  Spawning Pool  
  17  1:24  Drone  
  17  1:25  Drone  
  18  1:29  Drone  
  20  1:56  Overlord  
  20  2:07  Zergling x2  
  20  2:08  Zergling x2  
  22  2:11  Roach Warren  
  22  2:14  Queen  
  23  2:20  Drone  
  24  2:23  Hatchery  
  24  2:25  Spine Crawler  
  24  2:26  Drone  
  23  2:43  Overlord  
  23  2:54  Roach  
  23  2:55  Roach  
  23  2:57  Extractor  
  26  3:04  Roach  
  28  3:06  Queen  
  30  3:17  Ravager x2  
  32  3:20  Roach  
  34  3:33  Roach  
  36  3:34  Overlord  
  36  3:36  Ravager  
  36  3:41  Roach  
  39  3:48  Queen  
  39  3:52  Ravager  
  42  4:00  Drone, Zergling x2  
  44  4:12  Ravager  
  44  4:13  Drone  
  46  4:21  Drone  
  47  4:25  Lair  
  47  4:38  Drone, Queen  
  50  4:47  Ravager  
  50  4:48  Overlord  
  50  4:50  Drone  
  52  5:01  Overlord  
  52  5:05  Metabolic Boost  
  52  5:10  Drone x2  
  54  5:27  Nydus Network  
  54  5:28  Drone x2  
  55  5:33  Queen  
  57  5:43  Overlord  
  57  5:44  Drone x2  
  59  5:57  Drone  
  60  5:58  Overlord  
  60  6:04  Nydus Canal  
  60  6:06  Zergling x8  
  60  6:07  Zergling x2  
  60  6:09  Overseer  
  60  6:10  Zergling x2  
  66  6:16  Queen  
  68  6:20  Drone  
  69  6:38  Zergling x10  
  74  6:41  Nydus Canal  
  74  6:44  Queen  
  76  6:50  Overlord  
  76  6:51  Queen  
  76  6:53  Drone  
  79  7:00  Zergling x8  
  80  7:17  Zergling x4  
  80  7:18  Zergling x6  
  85  7:24  Zergling x4  

Tags
 
Add a new tag
Caveats
  • Supply blocks, unpowered buildings, or Contaminate may cause inaccurate times.
  • Supply counts are checked every 10 seconds.